Map: Deathaura LE

Players

uwuThermal (uThermal) - Winner!

  • Race: Terran Terran
  • League: Grandmaster
  • Spawn Location: 11:00

Van (Vanya)

  • Race: Zerg Zerg
  • League: Grandmaster
  • Spawn Location: 5:00

VOD

Have the link to the VOD?

Description

Time

  • Played on: Aug. 3, 2020, 8:09 a.m.
  • Length: 11:21
Show
View Real Time Build Order
Export as new Build Order

uwuThermal Terran - Winner!

Build Orders: Liberator Opening, Reaper Expand 

Get SALT Encoding   

  12  0:00  SCV  
  13  0:12  SCV  
  14  0:17  Supply Depot  
  14  0:24  SCV  
  15  0:38  SCV  
  15  0:39  Barracks  
  16  0:43  Refinery  
  16  0:50  SCV  
  17  1:02  SCV  
  18  1:14  SCV  
  19  1:26  Reaper, Orbital Command  
  20  1:38  Command Center  
  20  1:47  Supply Depot  
  20  1:52  SCV  
  21  1:58  Marine  
  22  2:05  SCV  
  22  2:07  Factory  
  23  2:15  Refinery  
  23  2:17  SCV  
  23  2:19  Barracks Reactor  
  24  2:29  SCV  
  25  2:41  SCV  
  26  2:50  Orbital Command  
  26  2:52  Starport  
  26  2:53  SCV  
  27  3:00  Hellion x2  
  27  3:05  SCV  
  32  3:06  Barracks Reactor  
  32  3:11  Supply Depot  
  32  3:16  SCV  
  32  3:17  SCV  
  34  3:22  Hellion x2  
  38  3:28  SCV  
  38  3:29  SCV  
  40  3:35  Supply Depot  
  40  3:40  SCV  
  41  3:41  SCV  
  41  3:45  Viking  
  41  3:46  Liberator  
  47  3:49  Hellion  
  47  3:50  Hellion  
  47  3:53  SCV x2  
  53  4:05  SCV  
  53  4:06  SCV  
  55  4:10  Hellion  
  55  4:11  Hellion, Supply Depot  
  58  4:19  SCV x2  
  60  4:25  Barracks Tech Lab  
  60  4:27  Command Center  
  60  4:35  SCV  
  61  4:41  SCV, Factory Tech Lab  
  61  4:42  Starport Reactor  
  61  4:43  Stimpack, Marine, Barracks x2  
  63  4:49  SCV  
  64  4:53  SCV  
  64  4:56  Engineering Bay  
  64  4:57  Engineering Bay, Refinery  
  65  5:00  Siege Tank  
  65  5:01  SCV, Marine  
  65  5:06  Supply Depot  
  70  5:18  SCV x2  
  70  5:19  Marine  
  61  5:30  SCV x2  
  61  5:31  Marine x4  
  61  5:32  Starport Reactor  
  61  5:34  Siege Tank  
  66  5:37  Marine  
  66  5:41  Barracks  
  66  5:42  SCV x2  
  66  5:43  Barracks  
  66  5:46  Refinery  
  66  5:48  Terran Infantry Weapons Level 1, Terran Infantry Armor Level 1  
  66  5:50  Marine x2  
  66  5:51  Marine  
  66  5:54  SCV x2  
  71  5:59  Marine  
  71  6:02  Orbital Command  
  72  6:05  Missile Turret  
  72  6:07  Missile Turret, Siege Tank  
  72  6:09  SCV  
  76  6:14  Marine  
  76  6:15  SCV  
  76  6:17  Missile Turret, Marine  
  79  6:19  Marine  
  79  6:20  Missile Turret  
  79  6:21  SCV  
  79  6:24  Supply Depot, Marine  
  82  6:27  SCV, Combat Shield  
  82  6:31  Barracks Reactor, SCV  
  83  6:35  Marine x2  
  83  6:36  Marine  
  83  6:37  SCV  
  83  6:38  Medivac  
  83  6:39  SCV  
  88  6:43  SCV  
  88  6:45  Refinery, Marine  
  88  6:46  Supply Depot  
  90  6:48  Marine  
  90  6:49  Supply Depot  
  90  6:52  SCV  
  90  6:53  Armory, Marine  
  93  6:54  Marine  
  93  6:55  Marine  
  93  6:56  SCV, Factory Reactor  
  93  6:57  SCV  
  93  7:00  Marine  
  98  7:01  Marine  
  98  7:02  Supply Depot  
  98  7:04  Medivac  
  98  7:08  SCV, Medivac  
  104  7:09  Marine x3  
  104  7:13  SCV  
  104  7:14  Marine  
  104  7:15  Marine x2  
  107  7:16  Marine  
  107  7:18  Marine  
  111  7:24  SCV x2  
  111  7:26  Factory  
  111  7:27  Supply Depot  
  111  7:29  Supply Depot, Marine  
  112  7:34  Widow Mine x2  
  117  7:37  Marine x2  
  117  7:39  Marine x2  
  117  7:40  SCV  
  117  7:42  Supply Depot, Marine  
  117  7:43  Marine  
  124  7:46  Supply Depot  
  124  7:48  Medivac  
  124  7:49  Medivac  
  128  7:54  Marine x2  
  130  8:01  SCV, Marine x2  
  133  8:07  Marine  
  133  8:12  Command Center  
  134  8:18  Medivac  
  117  8:23  Medivac, Marine  
  117  8:25  Marine x3  
  117  8:26  Widow Mine  
  112  8:27  Thor  
  112  8:28  Marine  
  112  8:29  Marine x2  
  119  8:35  Terran Infantry Weapons Level 2  
  119  8:38  Terran Infantry Armor Level 2  
  119  8:40  Marine x2  
  121  8:45  Widow Mine  
  121  8:48  Marine x2  
  124  8:49  Marine  
  124  8:51  Medivac, Marine x2  
  124  8:53  Widow Mine  
  132  8:56  Terran Vehicle And Ship Armor Level 1  
  132  8:57  Supply Depot  
  132  8:58  SCV  
  132  9:00  Marine x2  
  132  9:01  Marine  
  136  9:03  Marine  
  136  9:06  Marine  
  138  9:13  Marine  
  138  9:16  Marine x2  
  141  9:19  Thor  
  141  9:21  Marine, Widow Mine x2  
  152  9:27  Marine x3  
  152  9:28  Marine  
  155  9:36  Command Center  
  153  9:39  Marine x2  
  153  9:42  Marine x2, Widow Mine x2  
  153  9:43  Marine  
  159  9:47  Medivac  
  159  9:51  Marine  
  159  9:52  Marine  
  163  9:56  Medivac  
  159  10:00  Marine  
  159  10:02  SCV  
  161  10:08  Planetary Fortress  
  161  10:14  Widow Mine x3, Marine x2  
  167  10:15  Missile Turret  
  167  10:16  Marine  
  167  10:17  Medivac, Missile Turret  
  167  10:19  Marine  
  167  10:20  Marine x3  
  176  10:24  Marine x2  
  176  10:26  SCV  
  178  10:32  Marine x2  
  178  10:35  Widow Mine  
  180  10:37  Supply Depot  
  180  10:38  Supply Depot  
  180  10:52  Marine x2  
  180  10:53  Marine x2  
  180  10:54  Marine  
  180  10:55  Marine x2  
  180  10:56  SCV  
  180  10:58  Marine  
Show
View Real Time Build Order
Export as new Build Order

Van Zerg 

Build Orders: Hatch First, Muta Ling Bane 

Get SALT Encoding   

  12  0:00  Drone  
  13  0:12  Overlord  
  13  0:16  Drone  
  14  0:30  Drone x2  
  16  0:47  Hatchery  
  15  0:50  Drone  
  15  0:54  Drone  
  17  0:57  Drone  
  18  1:08  Extractor  
  17  1:12  Spawning Pool  
  17  1:15  Drone  
  17  1:18  Drone  
  18  1:27  Drone  
  19  1:38  Drone  
  20  1:49  Overlord  
  20  2:00  Zergling x4, Queen x2  
  26  2:10  Drone  
  26  2:11  Drone, Metabolic Boost  
  28  2:21  Drone  
  28  2:22  Drone  
  30  2:33  Overlord, Drone  
  30  2:35  Spore Crawler  
  30  2:39  Queen  
  30  2:40  Queen  
  35  2:44  Drone  
  36  2:52  Drone  
  36  2:53  Drone  
  36  2:56  Overlord  
  38  3:04  Drone x2  
  40  3:11  Drone x4  
  44  3:16  Drone x2  
  44  3:19  Lair  
  46  3:22  Extractor  
  45  3:30  Drone  
  45  3:31  Drone  
  45  3:33  Hatchery  
  46  3:37  Overlord  
  46  3:40  Drone x3  
  49  3:52  Extractor  
  49  3:53  Zergling x2  
  49  3:54  Baneling Nest  
  48  3:55  Queen  
  48  3:57  Drone x4  
  48  4:00  Extractor  
  53  4:05  Zergling x4  
  53  4:07  Overlord  
  53  4:08  Drone  
  56  4:12  Drone  
  57  4:25  Overseer  
  57  4:26  Overlord  
  57  4:27  Drone  
  57  4:28  Drone x5  
  63  4:32  Spire  
  63  4:37  Overlord  
  62  4:43  Overlord  
  62  4:50  Drone  
  62  4:52  Queen  
  65  4:53  Drone x2  
  65  4:56  Drone  
  65  4:59  Zergling x6  
  70  5:02  Zergling x2  
  69  5:12  Zergling x4  
  70  5:16  Zergling x6  
  69  5:21  Drone  
  69  5:24  Queen  
  64  5:33  Drone x5  
  67  5:38  Drone  
  66  5:45  Mutalisk x5  
  76  5:50  Overlord  
  76  5:57  Centrifical Hooks  
  76  5:59  Extractor x2  
  76  6:02  Drone x2  
  76  6:03  Drone x3  
  78  6:09  Drone  
  79  6:14  Hatchery  
  79  6:15  Drone x8  
  86  6:22  Drone x2  
  86  6:23  Evolution Chamber  
  87  6:28  Drone  
  87  6:30  Overlord  
  88  6:37  Mutalisk  
  88  6:38  Overlord  
  90  6:41  Overlord  
  90  6:43  Evolution Chamber  
  89  6:48  Baneling x6  
  89  6:50  Zerg Ground Armor Level 1  
  89  6:51  Mutalisk x4  
  89  6:53  Zerg Flyer Weapons Level 1  
  97  6:56  Overlord  
  97  6:58  Queen  
  99  7:04  Mutalisk x2  
  99  7:05  Zergling x2  
  99  7:06  Zergling x2  
  99  7:07  Zergling x2  
  106  7:14  Overlord  
  106  7:17  Overlord  
  106  7:23  Zerg Melee Weapons Level 1  
  106  7:26  Queen  
  106  7:29  Mutalisk x3  
  114  7:30  Drone  
  114  7:31  Drone x6  
  114  7:33  Baneling x3  
  114  7:36  Zergling x6  
  124  7:44  Overlord  
  124  7:45  Overlord  
  124  7:51  Zergling x10  
  124  7:52  Zergling x2, Baneling  
  124  7:53  Baneling x4  
  124  7:55  Zergling x2  
  128  7:58  Zergling x2  
  128  7:59  Zergling x8  
  128  8:00  Baneling  
  128  8:01  Baneling  
  128  8:03  Zergling x8  
  137  8:08  Overlord  
  137  8:11  Zergling x6  
  116  8:21  Zergling x14  
  116  8:22  Drone x2  
  114  8:30  Extractor  
  114  8:31  Drone x5  
  118  8:35  Drone  
  118  8:39  Extractor  
  118  8:42  Mutalisk x4  
  124  8:49  Zerg Flyer Weapons Level 2  
  124  8:51  Hatchery, Drone  
  124  8:52  Drone x4  
  124  8:53  Baneling x2  
  128  8:55  Drone  
  128  9:00  Drone x4  
  133  9:03  Overlord  
  133  9:05  Overlord  
  133  9:10  Mutalisk x2  
  133  9:15  Mutalisk x3  
  133  9:21  Zergling x2  
  133  9:22  Zergling x8  
  130  9:32  Zergling x18  
  130  9:34  Baneling x3  
  139  9:42  Baneling x12  
  132  9:48  Zergling x20  
  140  10:04  Zergling x8  
  144  10:12  Hatchery, Zergling x12  
  149  10:18  Mutalisk x3  
  155  10:22  Zergling x2  
  155  10:27  Pneumatized Carapace, Overseer  
  154  10:33  Zergling x8  
  158  10:37  Zergling x4  
  158  10:38  Zergling x4  
  158  10:40  Baneling  
  158  10:41  Baneling x9  
  162  10:48  Baneling x6  
  146  11:00  Hatchery  
  146  11:01  Drone x4  
  146  11:02  Drone x2  
Tags
 
Add a new tag
Caveats
  • Supply blocks, unpowered buildings, or Contaminate may cause inaccurate times.
  • Supply counts are checked every 10 seconds.